 Dungeon Crawl Stone Soup version 0.29-a0-575-g0dc89cf053 (webtiles) character file.

Game seed: 11627022804755509885

97 spaghetti the Zephyrmancer (level 4, -2/32 HPs)
             Began as a Gnoll Wanderer on June 12, 2022.
             Slain by an adder (3 damage)
             ... on level 2 of the Dungeon.
             The game lasted 00:02:52 (1466 turns).

spaghetti the Zephyrmancer (Gnoll Wanderer)         Turns: 1466, Time: 00:02:52

Health: -2/32      AC:  9    Str: 11      XL:     4   Next: 68%
Magic:  6/8        EV:  8    Int: 12 (14) God:
Gold:   65         SH:  0    Dex:  7 (11) Spells: 8/9 levels left

rFire   . . .      SeeInvis .   h - +2 whip (elec) {mace}
rCold   + . .      Faith    .   (no shield)
rNeg    . . .      Spirit   .   b - +0 scale mail
rPois   .          Reflect  .   (no helmet)
rElec   .          Harm     .   (no cloak)
rCorr   .          Rampage  .   (no gloves)
Will    .....                   (no boots)
Stlth   ..........              (no amulet)
HPRegen 0.10/turn               (no ring)
MPRegen 0.11/turn               (no ring)

@: about to teleport
A: fangs 1, strong nose, distributed training, iridescent scales 1, cold
resistance 1, deterioration 1
a: no special abilities


You were on level 2 of the Dungeon.
You visited 1 branch of the dungeon, and saw 2 of its levels.

You collected 65 gold pieces.


Innate Abilities, Weirdness & Mutations

You have very sharp teeth.
Your uncanny sense of smell can sniff out nearby items.
Your experience applies equally to all skills.
You are partially covered in iridescent scales. (AC +2)
Your flesh is cold resistant. (rC+)
Your body sometimes deteriorates upon taking damage.


   Skills:
 + Level 1.2 Fighting
 + Level 4.7 Short Blades
 + Level 1.2 Long Blades
 + Level 1.2 Axes
 + Level 1.2 Maces & Flails
 + Level 1.2 Polearms
 + Level 1.2 Staves
 + Level 1.2 Slings
 + Level 1.2 Bows
 + Level 1.2 Crossbows
 + Level 1.2 Throwing
 + Level 4.7 Armour
 + Level 1.2 Dodging
 + Level 1.2 Stealth
 + Level 1.2 Shields
 + Level 1.2 Unarmed Combat
 + Level 3.0 Spellcasting
 + Level 1.0 Conjurations
 + Level 1.0 Hexes
 + Level 1.0 Summonings
 + Level 1.0 Necromancy
 + Level 1.0 Translocations
 + Level 1.0 Transmutations
 + Level 1.0 Fire Magic
 + Level 1.0 Ice Magic
 + Level 8.8 Air Magic
 + Level 1.0 Earth Magic
 + Level 1.0 Poison Magic
 + Level 1.3 Invocations
 + Level 1.2 Evocations


You had 8 spell levels left.
You knew the following spells:

 Your Spells              Type           Power      Damage    Failure   Level
a - Shock                 Conj/Air       52%        1d6       17%         1

Your spell library contained the following spells:

 Spells                   Type           Power      Damage    Failure   Level
 Poisonous Vapours        Pois/Air       26%        N/A       26%         2
 Airstrike                Air            11%        N/A       32%         4
 Freezing Cloud           Conj/Ice/Air   5%         6-21      100%        5
 Simulacrum               Ice/Necr       2%         N/A       100%        6
 Polar Vortex             Ice            2%         N/A       100%        9

Inventory:

Hand Weapons
 a - a +0 short sword {short}
 d - a +2 dagger of holy wrath {short}
   (You took it off a goblin on level 1 of the Dungeon)
 h - a +2 whip of electrocution (weapon) {mace}
   (You took it off a kobold on level 1 of the Dungeon)
Armour
 b - a +0 scale mail (worn)
Jewellery
 i - a ring of protection from cold
   (You found it on level 1 of the Dungeon)
Scrolls
 e - a scroll of fear {unknown}
 g - a scroll of identify {@r1}
 l - a scroll of torment {unknown}
Potions
 j - a potion of degeneration {!q@e2}

Dungeon Overview and Level Annotations

Branches:
Dungeon (2/15)

Altars:

#.......##...#
#....#...######.#
....######.## #<#
.## #...# #.#
#.#.#####.##
#.#...<..... .
#.......###
#...#..######
###.....)B@h#
#.....######Shh....
.....< ##.###.
....$. .) )..... ##
..... ∆ ....


You could see an adder, 3 jackals and a giant cockroach.


Message History

The goblin hits you but does no damage.
You barely miss the goblin. Your bite misses the goblin.
You flicker back into view.
The jackal barks! x2
The jackal closely misses you. The goblin hits you but does no damage.
The jackal barely misses you.
You hit the goblin. Lightning courses through the goblin!
You kill the goblin!
The giant cockroach bites you but does no damage.
The jackal bites you but does no damage.
The jackal barely misses you.
Your Spellcasting skill increases to level 3!
You miss the jackal. The giant cockroach barely misses you.
The jackal bites you but does no damage.
The jackal closely misses you.
The crimson imp blinks!
The giant cockroach bites you but does no damage.
The jackal bites you. The jackal closely misses you. 😮 HP[-3]
You take 3 damage, and now have 21/32 hp.
You hit the jackal but do no damage. Lightning courses through the jackal!!
You kill the jackal!
The jackal barely misses you. The giant cockroach bites you. Natasha claws you.
* * * LOW HITPOINT WARNING * * *
Your body deteriorates!
You feel clumsy.
You feel your intelligence returning. 😨 HP[-7]
You take 7 damage, and now have 14/32 hp.
MASSIVE DAMAGE!! (PAUSE) Unknown command.
You hit the giant cockroach but do no damage.
The jackal barely misses you. The giant cockroach bites you.
* * * LOW HITPOINT WARNING * * *
Natasha claws you.
* * * LOW HITPOINT WARNING * * *
😨 HP[-2] MP[+1]
You take 2 damage, and now have 12/32 hp.
You closely miss the giant cockroach. Your bite misses the giant cockroach.
The jackal bites you but does no damage.
The giant cockroach bites you but does no damage.
The jackal barely misses you. Natasha claws you.
* * * LOW HITPOINT WARNING * * *
😱 HP[-5]
You take 5 damage, and now have 7/32 hp.
You closely miss the giant cockroach. The giant cockroach barely misses you.
The jackal bites you but does no damage.
Natasha casts a spell at you.
The magic dart hits you but does no damage.
The giant cockroach barely misses you.
You hit Natasha. The jackal misses you. The giant cockroach barely misses you.
The jackal bites you but does no damage.
Natasha barely misses you.
You barely miss Natasha.
The jackal bites you but does no damage.
The giant cockroach bites you but does no damage.
Natasha barely misses you.
You hit Natasha. The jackal barely misses you.
The giant cockroach bites you but does no damage.
The jackal closely misses you. Natasha claws you.
* * * LOW HITPOINT WARNING * * *
😱 HP[-3]
You take 3 damage, and now have 4/32 hp.
The jackal barks!
You hit Natasha.
You kill Natasha!
Natasha screams in fury as she dies!
The giant cockroach bites you but does no damage.
The jackal bites you but does no damage.
The giant cockroach barely misses you.
Your magical contamination has completely faded away.
You feel your strength returning.
Your Conjurations skill increases to level 1!
Your Hexes skill increases to level 1!
Your Summonings skill increases to level 1!
Your Necromancy skill increases to level 1!
Your Translocations skill increases to level 1!
Your Transmutations skill increases to level 1!
Your Fire Magic skill increases to level 1!
Your Ice Magic skill increases to level 1!
Your Earth Magic skill increases to level 1!
Your Poison Magic skill increases to level 1!
Unknown command.
Okay, then.
As you read the scroll labelled LERHOM KYBADD, it crumbles to dust.
It is a scroll of identify.
f - a scroll of teleportation The jackal bites you.
* * * LOW HITPOINT WARNING * * *
The adder barely misses you. The giant cockroach closely misses you.
The jackal bites you.
* * * LOW HITPOINT WARNING * * *
The adder bites you.
* * * LOW HITPOINT WARNING * * *
😱 HP[-3]
You take 3 damage, and now have 1/32 hp.
As you read the scroll of teleportation {@r4}, it crumbles to dust.
You feel strangely unstable. The jackal closely misses you.
The giant cockroach bites you but does no damage.
The adder bites you.
You die...

Skill      XL: |  1  2  3  4 |
---------------+-------------+-----
Invocations    | 1 |  1.3
Fighting       | 1 |  1.2
Long Blades    | 1 |  1.2
Axes           | 1 |  1.2
Maces & Flails | 1 |  1.2
Polearms       | 1 |  1.2
Staves         | 1 |  1.2
Slings         | 1 |  1.2
Bows           | 1 |  1.2
Crossbows      | 1 |  1.2
Throwing       | 1 |  1.2
Dodging        | 1 |  1.2
Stealth        | 1 |  1.2
Shields        | 1 |  1.2
Unarmed Combat | 1 |  1.2
Evocations     | 1 |  1.2
Spellcasting   | 3 |  3.0
Conjurations   | 1 |  1.0
Hexes          | 1 |  1.0
Summonings     | 1 |  1.0
Necromancy     | 1 |  1.0
Translocations | 1 |  1.0
Transmutations | 1 |  1.0
Fire Magic     | 1 |  1.0
Ice Magic      | 1 |  1.0
Earth Magic    | 1 |  1.0
Poison Magic   | 1 |  1.0
Short Blades   | |  4.7
Armour         | |  4.7
Air Magic      | |  8.8

Action                   |  1- 3 |  4- 6 || total
-------------------------+-------+-------++-------
Melee: Short sword       |    24 |       ||    24
       Bite              |     5 |     2 ||     7
       Punch             |     3 |       ||     3
       Whip              |    23 |    34 ||    57
 Cast: Shock             |    53 |       ||    53
  Use: Potion            |     4 |       ||     4
       Scroll            |       |     2 ||     2
 Stab: Invisible         |     2 |       ||     2
Armor: Scale mail        |    28 |    35 ||    63
Dodge: Dodged            |    30 |    36 ||    66

Levels and vault maps discovered:
D:1:      pf_arrival_petrified_forest, layout_rooms, minmay_hedge_maze
D:2:      minmay_angry_zag, layout_rooms, uniq_natasha, uniq_robin

Notes
Turn   | Place    | Note
-------+----------+-------------------------------------------
     0 | D:1      | spaghetti the Gnoll Wanderer began the quest for the Orb.
     0 | D:1      | spaghetti set off with the following items: a +0 short
                  | sword {short}, a +0 scale mail, a potion of invisibility;
                  | and the following spell memorised: Shock; and the following
                  | spells available to memorise: Poisonous Vapours, Airstrike
     0 | D:1      | Reached XP level 1. HP: 13/13 MP: 4/4
     0 | D:1      | magus.rc [v1.9.6]
   171 | D:1      | Reached XP level 2. HP: 19/19 MP: 3/5
   757 | D:1      | Reached XP level 3. HP: 25/25 MP: 4/7
  1163 | D:1      | You pick up a book of Ice and begin reading...
  1163 | D:1      | You add the spells Freezing Cloud, Simulacrum and Polar
                  | Vortex to your library.
  1365 | D:2      | Reached skill level 1 in Invocations
  1411 | D:2      | Gained mutation: Your flesh is cold resistant. (rC+)
                  | [potion of mutation]
  1411 | D:2      | Gained mutation: You are partially covered in iridescent
                  | scales. (AC +2) [potion of mutation]
  1411 | D:2      | Gained mutation: Your body sometimes deteriorates upon
                  | taking damage. [potion of mutation]
  1413 | D:2      | Noticed Robin
  1416 | D:2      | Reached skill level 1 in Fighting
  1416 | D:2      | Reached skill level 1 in Long Blades
  1416 | D:2      | Reached skill level 1 in Axes
  1416 | D:2      | Reached skill level 1 in Maces & Flails
  1416 | D:2      | Reached skill level 1 in Polearms
  1416 | D:2      | Reached skill level 1 in Staves
  1416 | D:2      | Reached skill level 1 in Slings
  1416 | D:2      | Reached skill level 1 in Bows
  1416 | D:2      | Reached skill level 1 in Crossbows
  1416 | D:2      | Reached skill level 1 in Throwing
  1416 | D:2      | Reached skill level 1 in Dodging
  1416 | D:2      | Reached skill level 1 in Stealth
  1416 | D:2      | Reached skill level 1 in Shields
  1416 | D:2      | Reached skill level 1 in Unarmed Combat
  1416 | D:2      | Reached skill level 1 in Evocations
  1429 | D:2      | Killed Robin
  1430 | D:2      | Reached XP level 4. HP: 26/32 MP: 1/8
  1444 | D:2      | Noticed Natasha
  1456 | D:2      | Reached skill level 3 in Spellcasting
  1459 | D:2      | HP: 7/32 [Natasha (5)]
  1464 | D:2      | Killed Natasha
  1465 | D:2      | Reached skill level 1 in Conjurations
  1465 | D:2      | Reached skill level 1 in Hexes
  1465 | D:2      | Reached skill level 1 in Summonings
  1465 | D:2      | Reached skill level 1 in Necromancy
  1465 | D:2      | Reached skill level 1 in Translocations
  1465 | D:2      | Reached skill level 1 in Transmutations
  1465 | D:2      | Reached skill level 1 in Fire Magic
  1465 | D:2      | Reached skill level 1 in Ice Magic
  1465 | D:2      | Reached skill level 1 in Earth Magic
  1465 | D:2      | Reached skill level 1 in Poison Magic
  1465 | D:2      | HP: 3/32 [jackal (1)]
  1465 | D:2      | HP: 1/32 [adder (1)]
  1466 | D:2      | Slain by an adder

Vanquished Creatures
  Natasha (D:2)
  Robin (D:2)
  An adder (D:2)
  2 dart slugs (D:1)
  2 bats (D:1)
  3 endoplasms (D:1)
  13 goblins
  7 hobgoblins
  A jackal (D:2)
  2 kobolds
  2 quokkas (D:1)
  5 ball pythons
  2 frilled lizards (D:1)
42 creatures vanquished.

Table legend:
 A = Non-vault XP
 B = Vault XP
 C = Vault XP percentage of total XP
 D = Non-vault monster count
 E = Vault monster count
 F = Vault count percentage of total count
                 A         B        C        D         E       F
            +---------+---------+-------+---------+---------+-------
      Total |      68 |      71 |  51.1 |      29 |      13 |  31.0
            +---------+---------+-------+---------+---------+-------
        D:1 |      49 |       0 |   0.0 |      25 |       0 |   0.0
        D:2 |      19 |      71 |  78.9 |       4 |      13 |  76.5
            +---------+---------+-------+---------+---------+-------

Illustrated notes

Table legend:
 A = Kills in this place as a percentage of kills in entire the game.
 B = Kills by you in this place as a percentage of kills by you in the entire game.
 C = Kills by friends in this place as a percentage of kills by friends in the entire game.
 D = Other kills in this place as a percentage of other kills in the entire game.
 E = Experience gained in this place as a percentage of experience gained in the entire game.
 F = Experience gained in this place divided by the number of levels of this place that you have seen.
                   A       B       C       D       E      F
               +-------+-------+-------+-------+-------+----------------------
         Total | 100.0 | 100.0 |   N/A |   N/A | 100.0 |  69.5
       Dungeon | 100.0 | 100.0 |   N/A |   N/A | 100.0 |  69.5
               +-------+-------+-------+-------+-------+----------------------

Table legend: (Time is in decaauts)
 A = Elapsed time spent in this place.
 B = Non-inter-level travel time spent in this place.
 C = Inter-level travel time spent in this place.
 D = Time resting spent in this place.
 E = Time spent auto-exploring this place.
 F = Levels seen in this place.
 G = Mean time per level.
                   A        B        C        D        E       F      G
               +--------+--------+--------+--------+--------+-----+--------+
         Total |   1465 |   1434 |     31 |    213 |    982 |   2 |  732.5 |
       Dungeon |   1465 |   1434 |     31 |    213 |    982 |   2 |  732.5 |
               +--------+--------+--------+--------+--------+-----+--------+

Top non-repeatable levels by time:
     D:1: 1322 daAuts
     D:2: 142 daAuts
